 Dungeon Crawl Stone Soup version 0.23.1 (webtiles) character file.

Game seed: 4983487124468593594

4 Borgoz the Sneak (level 1, -1/13 (14) HPs)
             Began as a Ghoul Enchanter on Mar 14, 2019.
             Killed from afar by a dart slug (6 damage)
             ... with a slug dart
             ... on level 1 of the Dungeon.
             The game lasted 00:00:42 (370 turns).

Borgoz the Sneak (Ghoul Enchanter)                   Turns: 370, Time: 00:00:43

HP:   -1/13 (14)    AC:  2    Str: 11    XL:     1   Next: 70%
MP:   2/2           EV: 12    Int: 10    God:
Gold: 36            SH:  0    Dex:  9    Spells: 2/3 levels left

rFire    + . .     SeeInvis .   a - +1 dagger
rCold    + . .     Gourm    .   (no shield)
rNeg     + + +     Faith    .   b - +0 robe
rPois    ∞         Spirit   .   (no helmet)
rElec    .         Reflect  .   (no cloak)
rCorr    .         Harm     .   (no gloves)
MR       .....                  (no boots)
Stlth    ++........             (no amulet)
HPRegen  0.00/turn              f - ring of protection from fire
MPRegen  0.08/turn              (no ring)

@: rotting
A: rotting body, claws 1, carnivore, cold resistance 1, negative energy
resistance 3, inhibited regeneration, torment resistance, unbreathing
a: no special abilities


You were on level 1 of the Dungeon.
You were not hungry.

You visited 1 branch of the dungeon, and saw 1 of its levels.

You collected 36 gold pieces.

Inventory:

Hand Weapons
 a - a +1 dagger (weapon)
Armour
 b - a +0 robe (worn)
Jewellery
 f - a ring of protection from fire (left claw)
Scrolls
 e - a scroll of identify {unknown}
 g - a scroll of enchant weapon {unknown}
 h - a scroll of remove curse {unknown}
Potions
 c - a potion of heal wounds {unknown}
Comestibles
 d - a ration


   Skills:
 * Level 1.1 Short Blades
 * Level 0.4 Armour
 + Level 1.8 Dodging
 - Level 3.2 Stealth
 - Level 1.7 Spellcasting
 - Level 2.4 Hexes


You had 2 spell levels left.
You knew the following spells:

 Your Spells              Type           Power        Failure   Level  Hunger
a - Corona                Hex            #......      12%         1    ##.....

Your spell library contained the following spells:

 Spells                   Type           Power        Failure   Level  Hunger
 Ensorcelled Hibernation  Hex/Ice        #.....       30%         2    ###....
 Confuse                  Hex            #.......     34%         3    ####...
 Tukima's Dance           Hex            #.......     34%         3    ####...
 Dazzling Spray           Conj/Hex       #.....       52%         3    ####...


Dungeon Overview and Level Annotations

Branches:
Dungeon (1/15)

Altars:


Innate Abilities, Weirdness & Mutations

Your body is rotting away.
You thrive on raw meat.
You are immune to poison.
You have sharp fingernails.
You are carnivorous and can eat meat at any time.
Your flesh is cold resistant. (rC+)
You are immune to negative energy. (rN+++)
You do not regenerate when monsters are visible.
You are immune to unholy pain and torment.
You can survive without breathing.


Message History

You are too injured to fight recklessly!
You are too injured to fight recklessly!
You are too injured to fight recklessly!
You are too injured to fight recklessly!
The bat hits you.
You closely miss the bat.
The bat is moderately wounded.
The bat barely misses you.
You hit the bat.
The bat is heavily wounded.
The bat hits you but does no damage.
You hit the bat.
You kill the bat!
You start resting.
The dart slug is too close now for your liking.
You are too injured to fight recklessly!
You are too injured to fight recklessly!
The dart slug launches a dart at you. The slug dart hits you.
You die...

#..........##. ##.
######+####..........##.###.
#........##..........##.....
#........##..........##.....
#....................##..... .
#....................##..... ..#
#...........#........##.....
....##....................##.....
.....'........#.@....)....'......
######......##.##.........##.#...
#.....##.⌠.##...#######.#...
#.(...####.####w..# #.#...
.......# ##♣ #...# #.#...
$.####.#. .#..# #.#### ..## #..#.
.#...# #.# . ##..## ## ..# #.# .#
#.#


You could see a dart slug.

Vanquished Creatures
  A goblin (D:1)
  2 bats (D:1)
  2 rats (D:1)
5 creatures vanquished.

Notes
Turn   | Place    | Note
-------+----------+-------------------------------------------
     0 | D:1      | Borgoz the Ghoul Enchanter began the quest for the Orb.
     0 | D:1      | Reached XP level 1. HP: 14/14 MP: 2/2
    75 | D:1      | Reached skill level 1 in Short Blades
   370 | D:1      | Killed from afar by a dart slug

Skill      XL: |  1 |
---------------+----+-----
Short Blades   | 1 |  1.1
Armour         | |  0.4
Dodging        | |  1.8
Stealth        | |  3.2
Spellcasting   | |  1.7
Hexes          | |  2.4

Action                   || total
-------------------------++-------
Melee: Dagger            ||    29
  Eat: Chunk             ||     2
Armor: Robe              ||    15
Dodge: Dodged            ||    24
